 Dungeon Crawl Stone Soup version 0.32-a0-172-gc5dd13f2a7 (webtiles) character file.

Game seed: 5688954934686428845

117 SmokeWeed the Trooper (level 4, 0/37 HPs)
             Began as a Demonspawn Fighter on Feb 12, 2024.
             Slain by an orc
             ... wielding a +0 hand axe
              (2 damage)
             ... on level 3 of the Dungeon.
             The game lasted 00:02:51 (1315 turns).

SmokeWeed the Trooper (Demonspawn Fighter)          Turns: 1315, Time: 00:02:52

Health: 0/37       AC:  7    Str: 18    XL:     4   Next: 71%
Magic:  4/4        EV:  9    Int:  9    God:
Gold:   84         SH:  4    Dex: 12    Spells: 3/3 levels left

rFire   . . .        k - +0 mace
rCold   . . .        c - +0 buckler
rNeg    . . .        b - +0 scale mail
rPois   .            (no helmet)
rElec   .            (no cloak)
rCorr   .            (no gloves)
SInv    .            (no boots)
Will    .....        (no amulet) Stlth
                     (no ring)
HPRegen 0.26/turn    (no ring)
MPRegen 0.09/turn

%: no passive effects
@: mighty
A: weakness stinger 1
a: no special abilities


You were on level 3 of the Dungeon.
You visited 1 branch of the dungeon, and saw 3 of its levels.

You collected 84 gold pieces.

Inventory:

Hand Weapons
 a - a +0 long sword
 h - a +0 short sword of electrocution
 k - a +0 mace (weapon)
Armour
 b - a +0 scale mail (worn)
 c - a +0 buckler (worn)
 o - a +0 scale mail
Jewellery
 f - a ring of ice
Scrolls
 e - a scroll of poison {unknown}
 l - 3 scrolls of teleportation {unknown}
 n - a scroll of immolation {unknown}
Potions
 g - a potion of invisibility {unknown}
 i - a potion of cancellation {unknown}
 j - a potion of enlightenment {unknown}
 m - a potion of haste {unknown}


   Skills:
 + Level 3.7 Fighting
 - Level 2.3 Long Blades
 + Level 1.0 Maces & Flails
 + Level 3.7 Armour
 + Level 0.4 Dodging
 + Level 2.9 Shields


You had 3 spell levels left.
You didn't know any spells.
Your spell library was empty.

Dungeon Overview and Level Annotations

Branches:
Dungeon (2/15)

Altars:


Innate Abilities, Weirdness & Mutations

You have a small tail.


Message History

The orc wizard flickers and vanishes!
The orc hits you with a +0 hand axe. Something hits you.
You bump into the rock wall.
The orc hits you with a +0 hand axe. Something hits you but does no damage.
You miss something.
You hear some strange, mumbled words.
A magic dart appears from out of thin air!
The magic dart hits you.
* * * LOW HITPOINT WARNING * * *
Something hits you.
* * * LOW HITPOINT WARNING * * *
You closely miss something.
Your tail-slap misses something.
You feel less confused.
The orc priest calls upon Beogh to heal the orc.
The orc's wounds heal themselves!
Something hits you.
* * * LOW HITPOINT WARNING * * *
You hear some strange, mumbled words.
Something tries to affect you, but you resist.
You feel very mighty all of a sudden. The orc hits you with a +0 hand axe.
* * * LOW HITPOINT WARNING * * *
You hear some strange, mumbled words.
A magic dart appears from out of thin air!
The magic dart hits you.
* * * LOW HITPOINT WARNING * * *
Something hits you but does no damage.
You barely miss something. You tail-slap something.
Reactivating autopickup.
You feel a bit more experienced.
You hear some strange, mumbled words.
Deactivating autopickup; reactivate with Ctrl-A.
Something tries to affect you, but you resist.
The orc closely misses you.
Your Maces & Flails skill increases to level 1!
You barely miss something.
You hear some strange, mumbled words.
Something tries to affect you, but you resist.
Something hits you but does no damage. The orc completely misses you.
Something hits you but does no damage. The orc hits you with a +0 hand axe.
You die...

#####
############..... #
#.<.............. #.
#.......oo)......
##..###........@{g..##
.......!......#######
#.....>.†...#
#####.####### #....#
####.# #.###
##...#######
#..........#


You could see an orc priest, an orc and a goblin.

Vanquished Creatures
  An orc wizard (D:3)
  3 adders (D:2)
  4 dart slugs
  2 ball pythons (D:1)
  4 endoplasms (D:1)
  3 giant cockroaches
  4 goblins
  2 hobgoblins
  9 jackals
  10 kobolds
  2 quokkas
  3 bats
  A frilled lizard (D:1)
  5 rats
53 creatures vanquished.

Notes
Turn   | Place    | Note
-------+----------+-------------------------------------------
     0 | D:1      | SmokeWeed the Demonspawn Fighter began the quest for the
                  | Orb.
     0 | D:1      | Reached XP level 1. HP: 18/18 MP: 1/1
   151 | D:1      | Gained mutation: You have a small tail. [demonic ancestry]
   151 | D:1      | Reached XP level 2. HP: 20/24 MP: 2/2
   270 | D:1      | Reached XP level 3. HP: 19/29 MP: 3/3
  1098 | D:2      | Reached XP level 4. HP: 36/36 MP: 4/4
  1125 | D:2      | You fall into a shaft and drop 1 floor!
  1313 | D:3      | HP: 1/37 [something/magic dart (4)]
  1315 | D:3      | Reached skill level 1 in Maces & Flails
  1315 | D:3      | Slain by an orc

Illustrated notes

Levels and vault maps discovered:
D:1:      wander_arrival_lonely_grave, layout_rooms, lexackson_kobold_supper
D:2:      layout_rooms, serial_shops, shop, grunt_decor_clamped,
          dreamdust_wishing_well
D:3:      layout_basic

Skill      XL: |  1  2  3  4 |
---------------+-------------+-----
Armour         | 3 |  3.7
Long Blades    | 2 |  2.3
Maces & Flails | 1 |  1.0
Fighting       | |  3.7
Dodging        | |  0.4
Shields        | |  2.9

Action                     |  1- 3 |  4- 6 || total
---------------------------+-------+-------++-------
  Melee: Long sword        |   101 |       ||   101
         Tailslap          |     8 |     4 ||    12
         Mace              |    18 |    45 ||    63
    Use: Potion            |       |     1 ||     1
 Armour: Scale mail        |    94 |    62 ||   156
  Dodge: Dodged            |    54 |    28 ||    82
  Block: Buckler           |    26 |    15 ||    41

Table legend: (Time is in decaauts)
 A = Elapsed time spent in this place.
 B = Non-inter-level travel time spent in this place.
 C = Inter-level travel time spent in this place.
 D = Time resting spent in this place.
 E = Time spent auto-exploring this place.
 F = Levels seen in this place.
 G = Mean time per level.
                   A        B        C        D        E       F      G
               +--------+--------+--------+--------+--------+-----+--------+
         Total |   1373 |   1341 |     32 |     11 |    948 |   3 |  457.7 |
       Dungeon |   1373 |   1341 |     32 |     11 |    948 |   3 |  457.7 |
               +--------+--------+--------+--------+--------+-----+--------+

Top non-repeatable levels by time:
     D:1: 974 daAuts
     D:3: 205 daAuts
     D:2: 193 daAuts
